 Dungeon Crawl Stone Soup version 0.26.1-10-gdfb7c7de75 (webtiles) character file.

Game seed: 6677730654689683927

11478 phalm the Destroyer (level 11, -2/62 HPs)
             Began as a Deep Elf Conjurer on Apr 6, 2021.
             Was a Priest of Vehumet.
             Slain by a hornet (11 damage)
             ... while paralysed by a hornet
             ... on level 9 of the Dungeon.
             The game lasted 00:43:02 (14829 turns).

phalm the Destroyer (Deep Elf Conjurer)            Turns: 14829, Time: 00:43:03

Health: -2/62      AC:  4    Str:  4    XL:     11   Next: 49%
Magic:  23/26      EV:  2    Int: 27    God:    Vehumet [***...]
Gold:   630        SH:  0    Dex: 13    Spells: 13/29 levels left

rFire    . . .     SeeInvis .   a - +3 quarterstaff (chaos)
rCold    . . .     Faith    .   (shield currently unavailable)
rNeg     . . .     Spirit   .   u - +0 robe {Archmagi}
rPois    .         Reflect  .   H - +1 helmet
rElec    .         Harm     .   D - scarf {repulsion}
rCorr    .         Rampage  .   (no gloves)
Will     +....                  (no boots)
Stlth    ++........             n - amulet of the acrobat
HPRegen  0.20/turn              G - ring of wizardry
MPRegen  0.20/turn              K - +4 ring of evasion

@: paralysed, lethally poisoned (-2 -> -9), repel missiles
A: no striking features
a: Renounce Religion


You were on level 9 of the Dungeon.
You worshipped Vehumet.
Vehumet was most pleased with you.
You visited 2 branches of the dungeon, and saw 11 of its levels.

You collected 630 gold pieces.

Inventory:

Hand Weapons
 a - a +3 quarterstaff of chaos (weapon)
 w - a +1 spectral quarterstaff
 L - a +3 quarterstaff of holy wrath
Armour
 u - a +0 robe of the Archmagi (worn)
 A - the +1 leather armour of the Untouchables {-Tele Rampage rCorr SInv}
   (You took it off an orc on level 4 of the Dungeon)

   It lets you see invisible.
   It prevents most forms of teleportation.
   It provides partial protection from all sources of acid and corrosion.
   It bestows one free step when moving towards enemies.
 D - a scarf of repulsion (worn)
 H - a +1 helmet (worn)
 O - a +2 robe of positive energy
Jewellery
 n - an amulet of the acrobat (around neck)
 G - a ring of wizardry (left hand)
 I - an uncursed ring of positive energy
 K - a +4 ring of evasion (right hand)
 M - an uncursed ring of protection from fire
 N - an uncursed ring of wizardry
Wands
 q - a wand of acid (7)
 y - a wand of disintegration (1)
 E - a wand of polymorph (8)
Scrolls
 c - 2 scrolls of fear
 h - 2 scrolls of fog
 i - a scroll of immolation {unknown}
 j - a scroll of random uselessness {unknown}
 k - 5 scrolls of identify
 p - 2 scrolls of magic mapping {unknown}
 s - 4 scrolls of teleportation {unknown}
 t - 2 scrolls of amnesia {unknown}
 z - 2 scrolls of enchant weapon {unknown}
 B - 5 scrolls of remove curse
Potions
 b - 5 potions of heal wounds
 d - 2 potions of ambrosia {unknown}
 f - 2 potions of might
 g - 5 potions of curing
 l - 4 potions of haste {unknown}
 m - 4 potions of attraction {unknown}
 r - a potion of brilliance {unknown}
 v - 4 potions of lignification {unknown}
 x - 3 potions of flight {unknown}
 C - a potion of invisibility {unknown}
 F - 15 potions of degeneration
 J - 2 potions of mutation {unknown}


   Skills:
 + Level 4.8 Fighting
 + Level 5.5 Staves
 + Level 4.2 Armour
 + Level 7.3 Dodging
 - Level 2.4 Stealth
 - Level 4.0 Shields
 + Level 9.6 Spellcasting
 + Level 9.9 Conjurations
 + Level 5.0 Hexes
 - Level 7.0 Translocations
 + Level 2.9 Air Magic
 + Level 1.7 Evocations


You had 13 spell levels left.
You knew the following spells:

 Your Spells              Type           Power        Failure   Level
a - Magic Dart            Conj           100%         1%          1
b - Searing Ray           Conj           100%         1%          2
c - Iskenderun's Mystic   Conj/Tloc      73%          1%          4
d - Blink                 Tloc           N/A          1%          2
e - Slow                  Hex            56%          1%          2
f - Shock                 Conj/Air       100%         1%          1
g - Foxfire               Conj/Fire      100%         1%          1
h - Static Discharge      Conj/Air       64%          1%          3

Your spell library contained the following spells:

 Spells                   Type           Power        Failure   Level
 Conjure Flame            Conj/Fire      56%          1%          3
 Dazzling Flash           Conj/Hex       100%         1%          3
 Mephitic Cloud           Conj/Pois/Air  53%          1%          3
 Fulminant Prism          Conj/Hex       34%          1%          4
 Call Imp                 Summ           19%          2%          2


Dungeon Overview and Level Annotations

Branches:
Dungeon (10/15)            Temple (1/1) D:7             Orc (0/2) D:9
   Lair: D:8-11

Altars:
Ashenzari
Cheibriados
Dithmenos
Elyvilon
Fedhas
Gozag
Hepliaklqana
Kikubaaqudgha
Makhleb
Nemelex Xobeh
Okawaru
Qazlal
Ru
Sif Muna
Trog
Uskayaw
Vehumet
Wu Jian
Xom
Yredelemnul
Zin
The Shining One


Message History

You feel a surge of power!
You conjure some foxfire!
The hornet stings you.
You feel yourself slow down. The orc barely misses you.
The hornet closely misses you.
You feel a surge of power!
The magic dart hits the hornet but does no damage.
The hornet is heavily wounded.
You feel yourself speed up.
The foxfire hits the orc.
The orc is heavily wounded.
The foxfire hits the orc but does no damage.
The orc is heavily wounded.
The hornet barely misses you. The orc completely misses you.
The hornet stings you!
You suddenly lose the ability to move!
The hornet stings you!
* * * LOW HITPOINT WARNING * * *
You are poisoned.
You feel yourself slow down. The orc hits you but does no damage.
You feel yourself speed up.
You feel sick. The hornet stings you!
You die...

...#.........#.##....######......
..##.........'.......#....#......
.##..........#.......#....#......
####'#########.......#....#..####
#.......##############....#..#
........#....##.....#.....#..#
####....#....##.....#.....#..# #
#....#....##.o...#.....#..#
####....'....##y@...'.....#..####
........#....############.'......
.....####....#...>......#.####...
.....#.......#..........#....#.##
.....#.......#..........#....#.##
#....#..................'....#...
#....#).......#########.#....#...
.....#+######.#...#...#.####'#<..
........^.....#.#.#.#.#..........


You could see a hornet and an orc.

Vanquished Creatures
  Harold (D:7)
  A two-headed ogre (D:8)
  A queen ant (D:8)
  Pikel (D:5)
  Joseph (D:7)
  Prince Ribbit (D:5)
  A hornet (D:9)
  Grinder (D:5)
  Eustachio (D:5)
  6 yaks (D:9)
  Menkaure (D:7)
  20 soldier ants
  A swamp drake (D:9)
  2 orc warriors (D:9)
  A water moccasin (D:8)
  An ice beast (D:7)
  2 sky beasts (D:7)
  4 ogres
  A black bear (D:9)
  2 phantoms
  A necrophage (D:7)
  6 centaurs
  2 lemures (D:5)
  4 bullfrogs
  Blork the orc (D:5)
  3 scorpions
  A wyvern skeleton (D:9)
  10 killer bees
  5 wights (D:9)
  5 howler monkeys
  2 centaur zombies
  4 orc priests
  2 hounds
  2 jellies
  10 orc wizards
  Crazy Yiuf (D:3)
  A bullfrog skeleton (D:5)
  3 iguanas
  Ijyb (D:3)
  Natasha (thrice) (D:2)
  Terence (D:3)
  20 worker ants
  3 hound skeletons
  2 worker ant zombies
  17 adders
  2 shadow imps
  3 white imps
  2 ufetubi
  An adder zombie (D:8)
  An adder skeleton (D:5)
  2 worms
  3 dart slugs
  5 leopard geckos
  32 orcs
  A ball python (D:1)
  4 giant cockroaches
  3 goblins
  4 hobgoblins
  4 jackals (D:7)
  2 quokkas
  2 bats
  6 frilled lizards
  11 kobolds
  A quokka zombie (D:5)
  8 rats
257 creatures vanquished.

Vanquished Creatures (others)
  67 foxfires
  4 plants (D:2)
71 creatures vanquished.

Grand Total: 328 creatures vanquished

Notes
Turn   | Place    | Note
-------+----------+-------------------------------------------
     0 | D:1      | phalm the Deep Elf Conjurer began the quest for the Orb.
     0 | D:1      | Reached XP level 1. HP: 10/10 MP: 6/6
   205 | D:1      | Reached XP level 2. HP: 15/15 MP: 4/8
   297 | D:1      | Reached skill level 5 in Conjurations
   892 | D:2      | Reached XP level 3. HP: 19/19 MP: 7/9
   895 | D:2      | Learned a level 2 spell: Searing Ray
  1115 | D:2      | Noticed Natasha
  1119 | D:2      | Killed Natasha
  1226 | D:2      | Reached XP level 4. HP: 24/24 MP: 4/11
  1403 | D:2      | Found a blossoming altar of Fedhas.
  1552 | D:2      | Noticed Natasha
  1559 | D:2      | Killed Natasha
  1811 | D:2      | Noticed Natasha
  1816 | D:2      | Killed Natasha
  1941 | D:2      | Found a blossoming altar of Fedhas.
  2446 | D:3      | Learned a level 4 spell: Iskenderun's Mystic Blast
  2619 | D:3      | Noticed Ijyb
  2625 | D:3      | Killed Ijyb
  2626 | D:3      | Reached XP level 5. HP: 28/28 MP: 5/13
  2899 | D:3      | Reached skill level 1 in Translocations
  3007 | D:3      | Noticed Terence
  3011 | D:3      | Killed Terence
  3168 | D:3      | Found a runed translucent door.
  3169 | D:3      | Noticed Crazy Yiuf
  3407 | D:3      | Reached XP level 6. HP: 33/33 MP: 2/14
  3703 | D:3      | HP: 1/33 [poisoned by an orc wizard]
  4283 | D:3      | Killed Crazy Yiuf
  4284 | D:3      | Reached skill level 1 in Fighting
  4284 | D:3      | Reached skill level 1 in Armour
  5059 | D:4      | Identified the +1 leather armour of the Untouchables {-Tele
                  | Rampage rCorr SInv}
  5260 | D:4      | Reached XP level 7. HP: 38/38 MP: 8/16
  5606 | D:5      | Entered Level 5 of the Dungeon
  5606 | D:5      | Noticed Prince Ribbit
  5610 | D:5      | Killed Prince Ribbit
  5611 | D:5      | Reached skill level 1 in Staves
  5611 | D:5      | Reached skill level 5 in Spellcasting
  5949 | D:5      | Noticed Grinder
  5979 | D:5      | Paralysed by Grinder for 7 turns
  6014 | D:5      | Killed Grinder
  6015 | D:5      | Reached skill level 1 in Shields
  6220 | D:5      | Reached XP level 8. HP: 44/44 MP: 9/17
  6367 | D:5      | Noticed Pikel
  6374 | D:5      | Killed Pikel
  6512 | D:5      | Noticed Blork the orc
  6518 | D:5      | Killed Blork the orc
  7097 | D:5      | Noticed Eustachio
  7105 | D:5      | Killed Eustachio
  7106 | D:5      | Reached skill level 5 in Translocations
  7410 | D:6      | Reached XP level 9. HP: 49/49 MP: 15/20
  7555 | D:6      | Found an opulent altar of Gozag.
  8528 | D:7      | Found an ancient bone altar of Kikubaaqudgha.
  8799 | D:7      | Noticed Harold
  8814 | D:7      | Killed Harold
  8815 | D:7      | Reached skill level 5 in Dodging
  8820 | D:7      | Noticed Menkaure
  8874 | D:7      | Killed Menkaure
  9024 | D:7      | Found a staircase to the Ecumenical Temple.
  9059 | Temple   | Entered the Ecumenical Temple
  9103 | Temple   | Became a worshipper of Vehumet
  9294 | D:7      | Noticed Joseph
  9305 | D:7      | Killed Joseph
  9431 | D:7      | Learned a level 2 spell: Blink
  9434 | D:7      | Learned a level 2 spell: Slow
  9544 | D:7      | Found a hide-covered altar of Uskayaw.
  9821 | D:8      | Reached XP level 10. HP: 56/56 MP: 17/22
  9825 | D:8      | Reached skill level 1 in Hexes
 11277 | D:8      | Reached * piety under Vehumet
 11277 | D:8      | Offered knowledge of Shock by Vehumet.
 11280 | D:8      | Learned a level 1 spell: Shock
 11356 | D:8      | Noticed a queen ant
 11372 | D:8      | Killed a queen ant
 11373 | D:8      | Reached skill level 1 in Air Magic
 12127 | D:8      | Offered knowledge of Foxfire by Vehumet.
 12127 | D:8      | Reached ** piety under Vehumet
 12128 | D:8      | Reached XP level 11. HP: 60/62 MP: 19/25
 12506 | D:8      | Learned a level 1 spell: Foxfire
 12584 | D:8      | Noticed a two-headed ogre
 12607 | D:8      | Killed a two-headed ogre
 12608 | D:8      | Reached skill level 5 in Staves
 13262 | D:9      | Found an iron altar of Okawaru.
 13267 | D:9      | Found a burning altar of Makhleb.
 13270 | D:9      | Found an opulent altar of Gozag.
 13344 | D:9      | Reached skill level 1 in Evocations
 13713 | D:9      | Offered knowledge of Static Discharge by Vehumet.
 13910 | D:9      | Learned a level 3 spell: Static Discharge
 14235 | D:9      | Reached *** piety under Vehumet
 14416 | D:9      | Found a staircase to the Orcish Mines.
 14447 | D:9      | Reached skill level 5 in Hexes
 14816 | D:10     | Entered Level 10 of the Dungeon
 14824 | D:10     | Paralysed by a hornet for 1 turns
 14827 | D:9      | Paralysed by a hornet for 3 turns
 14829 | D:9      | Slain by a hornet

Illustrated notes

Levels and vault maps discovered:
D:1:      co_arrival_square_in_a_square_in_a_square, layout_basic
D:2:      layout_rooms, lemuel_round_altar, serial_bayou_crossing, uniq_natasha
D:3:      layout_loops_corners, serial_bayou_pond_d, uniq_terence, uniq_ijyb,
          uniq_crazy_yiuf_cottage
D:4:      layout_cave_pools, chequers_serial_rivers_room_b,
          minmay_parallelograms
D:5:      layout_gridville, amcnicky_mini_rare_corridor_liquid,
          uniq_blork_the_orc, uniq_grinder, uniq_pikel, uniq_eustachio,
          uniq_prince_ribbit1
D:6:      layout_gridville, nicolae_gozag_seed_capital
D:7:      layout_basic, old_standard_altar, overflow_temple_1_default,
          minmay_temple_entry_mini_moons, uniq_harold, uniq_joseph,
          uniq_menkaure
D:8:      layout_basic, minivault_29
D:9:      layout_stronghold, grunt_temple_overflow_open, erik_orc_1,
          kennysheep_big_empty_room, minivault_27
D:10:     kennysheep_orc_sif_temple, layout_basic, uniq_maurice, uniq_urug
Temple:   regret_index_temple_sphere_string

Skill      XL: |  1  2  3  4  5  6  7  8  9 10 11 |
---------------+----------------------------------+-----
Conjurations   | 5 6 7 8 9 |  9.9
Spellcasting   | 4 5 6 8 9 |  9.6
Translocations | 1 2 3 5 6 7 |  7.0
Fighting       | 1 2 3 4 |  4.8
Armour         | 1 2 4 |  4.2
Dodging        | 3 4 5 6 7 |  7.3
Staves         | 1 2 3 4 5 |  5.5
Shields        | 1 2 3 4 |  4.0
Hexes          | 3 5 |  5.0
Air Magic      | 1 2 |  2.9
Evocations     | 1 |  1.7
Stealth        | |  2.4

Action                   |  1- 3 |  4- 6 |  7- 9 | 10-12 || total
-------------------------+-------+-------+-------+-------++-------
Melee: Dagger            |     1 |       |       |       ||     1
       Whip              |       |     6 |       |       ||     6
       Quarterstaff      |       |     1 |     9 |    61 ||    71
 Cast: Magic Dart        |    44 |   122 |   138 |   215 ||   519
       Searing Ray       |     2 |     9 |    24 |    41 ||    76
       Iskenderun's Myst |       |       |     4 |    20 ||    24
       Shock             |       |       |       |    12 ||    12
       Blink             |       |       |       |     3 ||     3
       Slow              |       |       |       |     2 ||     2
       Foxfire           |       |       |       |    42 ||    42
Evoke: Wand              |       |       |     9 |     3 ||    12
  Use: Scroll            |       |       |     4 |       ||     4
       Potion            |       |       |       |     2 ||     2
Armor: Robe              |       |     4 |     4 |    15 ||    23
Dodge: Dodged            |     6 |    13 |    58 |   184 ||   261
       Repelled          |       |       |     5 |     1 ||     6
